 Dungeon Crawl Stone Soup version 0.30.0-19-g36f170ea60 (webtiles) character file.

Game seed: 1555685095919239060

462 MacCMillion the Gusty (level 7, -6/36 HPs)
             Began as a Tengu Air Elementalist on May 30, 2023.
             Was an Initiate of Vehumet.
             Mangled by a gnoll
             ... wielding a +0 flail
             ... led by a gnoll sergeant
              (9 damage)
             ... on level 4 of the Dungeon.
             The game lasted 00:06:12 (4607 turns).

MacCMillion the Gusty (Tengu Air Elementalist)      Turns: 4607, Time: 00:06:13

Health: -6/36      AC:  3    Str:  8    XL:     7   Next: 7%
Magic:  10/14      EV: 14    Int: 18    God:    Vehumet [......]
Gold:   208        SH:  0    Dex: 14    Spells: 8/14 levels left

rFire   . . .        j - +4 dagger (drain)
rCold   . . .        (no shield)
rNeg    . . .        a - +0 robe
rPois   .            (helmet restricted)
rElec   .            (no cloak)
rCorr   .            p - +0 pair of gloves
SInv    .            (boots unavailable)
Will    .....        (no amulet)
Stlth   ++           (no ring)
HPRegen 0.26/turn    (no ring)
MPRegen 0.14/turn

%: no passive effects
@: flying quickly and evasively, quick
A: beak, talons 3, nimble flight
a: Renounce Religion


You were on level 4 of the Dungeon.
You worshipped Vehumet.
Vehumet was noncommittal.
You visited 2 branches of the dungeon, and saw 6 of its levels.

You collected 208 gold pieces.

Inventory:

Hand Weapons
 e - a +0 dagger
 j - a +4 dagger of draining (weapon)
Armour
 a - a +0 robe (worn)
 p - a +0 pair of gloves (worn)
Jewellery
 o - a ring of willpower
 s - a ring of positive energy
Wands
 t - a wand of mindburst (13)
Scrolls
 c - 2 scrolls of vulnerability {unknown}
 d - 3 scrolls of teleportation {unknown}
 g - 2 scrolls of blinking {unknown}
 h - 4 scrolls of identify {unknown}
 i - a scroll of acquirement {unknown}
 l - a scroll of immolation {unknown}
 n - 2 scrolls of poison {unknown}
 q - a scroll of enchant weapon {unknown}
Potions
 b - a potion of magic
 f - a potion of cancellation {unknown}
 k - a potion of flight {unknown}
 m - 2 potions of attraction {unknown}
 r - 3 potions of degeneration {unknown}
 u - 2 potions of brilliance {unknown}
 v - a potion of curing {unknown}


   Skills:
 - Level 2.1 Dodging
 - Level 2.0 Stealth
 - Level 4.0 Spellcasting
 - Level 5.0 Conjurations
 + Level 7.3 Air Magic


You had 8 spell levels left.
You knew the following spells:

 Your Spells              Type           Power      Damage    Failure   Level
a - Shock                 Conj/Air       100%       1d9       1%          1
b - Static Discharge      Conj/Air       50%        2-5/arc   1%          2
c - Swiftness             Air            30%        N/A       2%          3

Your spell library contained the following spells:

 Spells                   Type           Power      Damage    Failure   Level
 Kiss of Death            Conj/Necr      48%        2d9       5%          1
 Airstrike                Air            15%        2d(3-19)  7%          4
 Summon Small Mammal      Summ           12%        N/A       14%         1
 Call Canine Familiar     Summ           3%         N/A       41%         3
 Confusing Touch          Hex            3%         N/A       41%         3
 Inner Flame              Hex/Fire       3%         N/A       41%         3
 Summon Guardian Golem    Hex/Summ       3%         N/A       41%         3
 Dispel Undead            Necr           3%         3d7       82%         4
 Yara's Violent Unravell  Hex/Tmut       1%         3d3       99%         5
 Enfeeble                 Hex            1%         N/A       100%        7


Dungeon Overview and Level Annotations

Branches:
Dungeon (5/15)             Temple (1/1) D:4

Altars:
Ashenzari
Cheibriados
Dithmenos
Elyvilon
Gozag
Hepliaklqana
Kikubaaqudgha
Nemelex Xobeh
Okawaru
Qazlal
Sif Muna
Uskayaw
Vehumet
Xom
Zin
The Shining One

Shops:
D:3 [

Annotations:
D:4 2 transporters, Sensen's ghost, amateur DgEE


Innate Abilities, Weirdness & Mutations

You have a beak for a mouth.
You have claws for feet.
Your magical nature lets you fly swiftly and evasively.


Message History

The zap hits the gnoll!
The gnoll is severely wounded.
The gnoll barely misses you. The gnoll hits you with a +0 whip!
The gnoll sergeant misses you. The gnoll barely misses you.
The gnoll closely misses you.
Aiming: Shock (safe; 1% risk of failure)
Press: ? - help, Q - select action, (/) - cycle Shift-Dir - straight line, f - gnoll, p - gnoll
Aim: a gnoll, wielding a +0 halberd (almost dead, 77% to hit)
The zap misses the gnoll.
The gnoll barely misses you. The gnoll hits you with a +0 flail.
The gnoll sergeant hits you from afar with a +0 trident.
The gnoll completely misses you.
Aiming: Shock (safe; 1% risk of failure)
Press: ? - help, Q - select action, (/) - cycle Shift-Dir - straight line, f/p - gnoll
Aim: a gnoll, wielding a +0 halberd (almost dead, 77% to hit)
The zap hits the gnoll.
The gnoll is almost dead.
The gnoll misses you. The gnoll barely misses you.
The gnoll sergeant hits you from afar with a +0 trident!
The gnoll hits you from afar with a +0 spear.
The gnoll closely misses you. The gnoll barely misses you.
The gnoll misses you.
The gnoll hits you from afar with a +0 spear.
The gnoll sergeant hits you from afar with a +0 trident!
* * * LOW HITPOINT WARNING * * *
The gnoll barely misses you.
You fly upwards.
Level annotation: 2 transporters, Sensen's ghost, amateur DgEE
There is a stone staircase leading down here.
You hit the gnoll. Your kick misses the gnoll. Your peck misses the gnoll.
The gnoll is almost dead.
The gnoll completely misses you. The gnoll barely misses you.
You barely miss the gnoll. You claw the gnoll, but do no damage.
The gnoll is almost dead.
The gnoll hits you but does no damage. The gnoll hits you with a +0 flail.
* * * LOW HITPOINT WARNING * * *
You barely miss the gnoll.
The gnoll is almost dead.
The gnoll barely misses you. The gnoll hits you with a +0 flail!
You die...

#######....≈.≈≈≈§≈.≈.# #.....
###..≈....§§.≈.# ##.#.#
##.≈≈≈≈≈≈≈≈≈.########.#.#
#........§...........#.# ######
###)###.##..##########.# .....#
#.# #.###.# #.. ####.# #.# #.#
#.# ### #.# ##.###g# #.# ####.#
#....g@# #.# .....# #..##### #.#
###########..#######.#
##.............##.#
####.................#
.......#########...#.############
####..##©...BJs##..#.............
#.....#8.##.##.8#..#.############
#.##..#..##.##..#..#.# #######


You could see 2 gnolls.

Vanquished Creatures
  A steam dragon (D:4)
  A howler monkey (D:1)
  A sleepcap (D:4)
  2 iguanas (D:4)
  Robin (D:2)
  5 gnolls
  7 adders
  An ufetubus (D:4)
  2 bats (D:3)
  7 endoplasms
  3 giant cockroaches
  19 goblins
  7 hobgoblins
  2 jackals (D:2)
  3 quokkas
  9 ball pythons
  A frilled lizard (D:3)
  11 kobolds
  5 rats
88 creatures vanquished.

Notes
Turn   | Place    | Note
-------+----------+-------------------------------------------
     0 | D:1      | MacCMillion the Tengu Air Elementalist began the quest for
                  | the Orb.
     0 | D:1      | Reached XP level 1. HP: 10/10 MP: 4/4
   485 | D:1      | Reached XP level 2. HP: 15/15 MP: 3/6
  1003 | D:2      | Noticed a howler monkey
  1012 | D:1      | Killed a howler monkey
  1013 | D:1      | Reached XP level 3. HP: 10/19 MP: 1/7
  1016 | D:1      | Learned a level 2 spell: Static Discharge
  1020 | D:1      | Learned a level 3 spell: Swiftness
  1215 | D:2      | Reached XP level 4. HP: 24/24 MP: 6/9
  1289 | D:2      | Reached skill level 5 in Air Magic
  1324 | D:2      | Noticed Robin
  1396 | D:2      | Killed Robin
  1477 | D:2      | Found an iron altar of Okawaru.
  1641 | D:2      | Found a faded altar of an unknown god.
  2102 | D:3      | Found Xemmod's Armour Shop.
  2858 | D:3      | Gained mutation: Your magical nature lets you fly swiftly
                  | and evasively. [Tengu growth]
  2858 | D:3      | Reached XP level 5. HP: 19/28 MP: 3/10
  3434 | D:4      | Found a transporter.
  3434 | D:4      | Noticed Sensen's ghost (amateur DgEE)
  3563 | D:4      | Found a staircase to the Ecumenical Temple.
  3589 | Temple   | Entered the Ecumenical Temple
  3642 | Temple   | Became a worshipper of Vehumet
  3668 | D:4      | Reached XP level 6. HP: 30/32 MP: 6/12
  3923 | D:4      | Found a transporter.
  3942 | D:4      | Found a white marble altar of Elyvilon.
  3945 | D:4      | Noticed a steam dragon
  3952 | D:4      | Reached skill level 6 in Air Magic
  4022 | D:4      | Killed a steam dragon
  4023 | D:4      | Reached skill level 5 in Conjurations
  4158 | D:4      | Reached skill level 7 in Air Magic
  4158 | D:4      | Reached XP level 7. HP: 20/36 MP: 7/14
  4594 | D:5      | Entered Level 5 of the Dungeon
  4607 | D:4      | Mangled by a gnoll

Illustrated notes

Levels and vault maps discovered:
D:1:      dpeg_arrival_simpleton_b, layout_basic, serial_bayou_crossing
D:2:      layout_basic, nicolae_ecumenical_lake_church, basic_altar,
          minmay_misc_feat_diagonals, amcnicky_mini_rare_corridor_liquid,
          uniq_robin
D:3:      layout_loops_corners, serial_shops, nicolae_square_shop
D:4:      layout_loops_ring, mainiacjoe_overflow_concentric_impassable,
          minmay_temple_entry_arrows, gammafunk_ghost_arena,
          minmay_goblin_kobold_house
D:5:      layout_rooms, lightli_temple_of_fire, serial_bayou_ford_a,
          wad_floor_pattern_untrapped, grunt_ministairs_12
Temple:   nicolae_temple_bog_church

Skill      XL: |  1  2  3  4  5  6 |
---------------+-------------------+-----
Conjurations   | 2 3 4 5 |  5.0
Air Magic      | 5 7 |  7.3
Spellcasting   | 3 4 |  4.0
Dodging        | |  2.1
Stealth        | |  2.0

Action                     |  1- 3 |  4- 6 |  7- 9 || total
---------------------------+-------+-------+-------++-------
  Melee: Dagger            |     5 |    21 |    12 ||    38
         Peck              |     1 |     5 |       ||     6
         Kick              |     1 |     5 |     3 ||     9
   Cast: Shock             |    24 |    94 |     6 ||   124
         Static Discharge  |     3 |    14 |       ||    17
   Stab: Sleeping          |     3 |     1 |     1 ||     5
 Armour: Robe              |     3 |    11 |     2 ||    16
  Dodge: Dodged            |     8 |    31 |    22 ||    61
